 Dungeon Crawl Stone Soup version 0.22.1-2-g9c5b331383 (webtiles) character file.

44148 Peloso the Fencer (level 13, -6/107 HPs)
             Began as a Minotaur Fighter on Dec 12, 2018.
             Was the Champion of Okawaru.
             Mangled by an orc knight
             ... wielding a +0 great sword
              (21 damage)
             ... on level 2 of the Orcish Mines.
             The game lasted 00:46:48 (20665 turns).

Peloso the Fencer (Minotaur Fighter)               Turns: 20665, Time: 00:46:48

Health: -6/107     AC: 23    Str: 25    XL:     13   Next: 94%
Magic:  12/12      EV: 10    Int:  8    God:    Okawaru [******]
Gold:   953        SH: 15    Dex: 11    Spells: 12/12 levels left

rFire    . . .     SeeInvis .   a - +4 double sword (freeze)
rCold    . . .     Gourm    .   c - +1 shield
rNeg     + . .     Faith    .   L - +0 plate armour
rPois    .         Spirit   .   r - +2 hat of the Bagpipe {Int+3}
rElec    .         Reflect  .   k - scarf {repulsion}
rCorr    .         Harm     .   O - +3 pair of gauntlets of War {Slay+5}
MR       .....                  (no boots)
Stlth    ..........             (no amulet)
HPRegen  0.27/turn              j - +1 ring of protection
MPRegen  0.13/turn              A - ring of positive energy

@: repel missiles
A: retaliatory headbutt, horns 2, frail 1
a: Heroism, Finesse, Renounce Religion


You were on level 2 of the Orcish Mines.
You worshipped Okawaru.
Okawaru was exalted by your worship.
You were hungry.

You visited 4 branches of the dungeon, and saw 20 of its levels.
You also visited: Volcano.

You collected 1919 gold pieces.
You spent 966 gold pieces at shops.

Inventory:

Hand Weapons
 a - a +4 double sword of freezing (weapon)
 l - a +5 scimitar of flaming
Armour
 b - a +0 scale mail
 c - a +1 shield (worn)
 k - a scarf of repulsion (worn)
 r - the +2 hat of the Bagpipe (worn) {Int+3}
   (You acquired it on level 11 of the Dungeon)

   It affects your intelligence (+3).
 u - a +0 cloak
 H - a +0 pair of gloves
 L - a +0 plate armour (worn)
 O - the +3 pair of gauntlets of War (worn) {Slay+5}
   (You found it in a volcano)

   It affects your accuracy and damage with ranged weapons and melee attacks
   (+5).
Jewellery
 j - a +1 ring of protection (left hand)
 q - an uncursed amulet of harm
 A - a ring of positive energy (right hand)
 F - an uncursed ring of protection from cold
Wands
 t - a wand of enslavement (8)
 E - a wand of digging (8)
 G - a wand of random effects (21)
Scrolls
 e - 8 scrolls of magic mapping
 g - 2 scrolls of fear
 i - a scroll of fog
 p - a scroll of blinking
 v - 2 scrolls of teleportation
 x - 5 scrolls of remove curse
 y - 3 scrolls of amnesia
 D - a scroll of noise
 J - 2 scrolls of acquirement
Potions
 d - 3 potions of might
 h - 6 potions of flight
 m - 3 potions of heal wounds
 n - 8 potions of curing
 o - 2 potions of berserk rage
 s - 2 potions of mutation
 w - a potion of cancellation
 z - a potion of ambrosia
 B - a potion of magic
 C - 4 potions of haste
 K - a potion of resistance {unknown}
 M - 3 potions of agility
 N - a potion of experience {unknown}
 T - a potion of invisibility
Comestibles
 f - 38 rations


   Skills:
 + Level 12.5 Fighting
 + Level 16.0 Long Blades
 + Level 12.4 Armour
 + Level 6.7 Dodging
 + Level 1.3 Stealth
 + Level 14.5 Shields
 + Level 1.3 Invocations
 + Level 0.6 Evocations


You had 12 spell levels left.
You didn't know any spells.
Your spell library contained the following spells:

 Spells                   Type           Power        Failure   Level  Hunger
 Apportation              Tloc           #.....       99%         1    ##.....
 Summon Butterflies       Summ           #.......     99%         1    ##.....
 Lesser Beckoning         Tloc           #.........   100%        3    ####...
 Tukima's Dance           Hex            #.......     100%        3    ####...
 Alistair's Intoxication  Tmut/Pois      #.......     100%        5    ######.
 Invisibility             Hex            #.......     100%        6    #######


Dungeon Overview and Level Annotations

Branches:
Dungeon (12/15)            Temple (1/1) D:4            Lair (5/6) D:10
  Swamp (0/4) Lair:3        Snake (0/4) Lair:4          Orc (2/2) D:9
    Elf (0/3) Orc:2
  Slime: Lair:5-6

Altars:
Cheibriados
Elyvilon
Fedhas
Gozag
Hepliaklqana
Makhleb
Nemelex Xobeh
Okawaru
Qazlal
Ru
Sif Muna
Trog
Uskayaw
Wu Jian
Xom
The Shining One
Beogh

Shops:
D:12 ?


Innate Abilities, Weirdness & Mutations

You reflexively headbutt those who attack you in melee.
You have a pair of horns on your head.
You are frail. (-10% HP)


Message History

The orc knight hits you with a great sword!
Your plate armour prevents you from hitting the orc knight.
The orc warrior hits you but does no damage.
You block the orc warrior's attack.
Unknown command.
You slice the orc knight!! You freeze the orc knight.
You headbutt the orc knight!
The orc knight is heavily wounded.
You block the orc warrior's attack. The orc knight barely misses you.
Unknown command.
You slice the orc knight!! You freeze the orc knight!
Your headbutt misses the orc knight.
The orc knight is almost dead.
You block the orc warrior's attack. The orc warrior hits you with a mace!!
* * * LOW HITPOINT WARNING * * *
The orc warrior hits you with a dire flail.
* * * LOW HITPOINT WARNING * * *
You fail to use your ability.
The orc knight hits you with a great sword!!
You die...

..###...###)####
.##.##.####))#.## .....###
#.)))..# ....##
##..#..##### ##.##
####...##.## #### ##......#
#......## ##..)#)..#
#.o@o#..## ##o)o....#
#..()).##### ##...[^###.#*
####.....#)..# ######*
#....).......# ###.....###
#..#.)......##
#.........####.......#...#
............##...........#*


You could see an orc knight and 3 orc warriors.

Vanquished Creatures
  2 hydras
  A centaur warrior (Volcano)
  A catoblepas (Lair:2)
  Erica (D:8)
  2 orc high priests (Orc:2)
  5 orc knights
  Pikel (D:4)
  A cyclops (Orc:1)
  A manticore (Lair:5)
  2 elephants
  5 black mambas
  Joseph (D:8)
  8 spiny frogs
  8 rime drakes (Lair:5)
  5 komodo dragons
  3 yaktaurs (Volcano)
  4 trolls
  3 meliai (Lair:5)
  A queen bee (Lair:5)
  Prince Ribbit (D:7)
  13 hippogriffs
  17 blink frogs
  A shadow (D:12)
  A human (D:8)
  9 wyverns
  4 basilisks
  20 yaks
  A hungry ghost (D:7)
  2 wargs
  Duvessa (D:5)
  7 porcupines
  15 water moccasins
  A hell hound (Lair:5)
  27 orc warriors
  3 sky beasts
  A black bear (D:7)
  A phantom (D:7)
  10 ogres
  9 wolves
  10 centaurs
  9 crocodiles
  A big kobold (D:12)
  9 bullfrogs
  A gnoll sergeant (D:5)
  Dowan (D:5)
  A wyvern skeleton (D:12)
  9 scorpions
  35 killer bees
  2 electric eels (D:8)
  10 wights
  2 howler monkeys (D:11)
  5 crimson imps
  A quasit (D:10)
  A lava snake (D:8)
  A centaur zombie (D:6)
  4 hounds
  28 orc priests
  2 jellies (D:11)
  A gnoll shaman (D:6)
  3 iron imps (D:6)
  3 iguanas
  23 orc wizards
  10 worker ants
  A hound zombie (D:9)
  A howler monkey zombie (D:5)
  A worker ant zombie (D:6)
  8 adders
  9 gnolls
  2 howler monkey skeletons
  4 shadow imps
  2 adder zombies
  3 worms
  A dart slug (D:1)
  9 leopard geckos
  108 orcs
  5 giant cockroaches
  11 goblins
  10 hobgoblins
  4 jackals (D:4)
  9 kobolds
  5 quokkas
  A ball python (D:4)
  A ball python skeleton (D:6)
  12 bats
  6 frilled lizards
  2 leopard gecko skeletons (D:8)
  2 quokka skeletons
  8 rats
  2 butterflies
  A fungus (Lair:1)
  A plant (D:8)
600 creatures vanquished.

Vanquished Creatures (others)
  A worker ant (D:4)
  15 fungi
  11 plants
27 creatures vanquished.

Grand Total: 627 creatures vanquished

Notes
Turn   | Place    | Note
-------+----------+-------------------------------------------
     0 | D:1      | Peloso the Minotaur Fighter began the quest for the Orb.
     0 | D:1      | Reached XP level 1. HP: 19/19 MP: 0/0
    79 | D:1      | Reached XP level 2. HP: 20/27 MP: 1/1
   565 | D:2      | Reached XP level 3. HP: 29/33 MP: 2/2
   644 | D:2      | Reached skill level 3 in Long Blades
   675 | D:2      | Found a hazy altar of Hepliaklqana.
   958 | D:2      | Reached XP level 4. HP: 34/40 MP: 3/3
  1276 | D:2      | Reached skill level 5 in Armour
  1520 | D:3      | Found a hide-covered altar of Uskayaw.
  2035 | D:4      | Reached XP level 5. HP: 44/47 MP: 4/4
  2075 | D:4      | Found a sparkling altar of Nemelex Xobeh.
  2084 | D:4      | Noticed a slave
  2084 | D:4      | Noticed a slave
  2084 | D:4      | Noticed Pikel
  2084 | D:4      | Noticed a slave
  2085 | D:4      | Noticed a slave
  2099 | D:4      | Killed Pikel
  2099 | D:4      | Reached skill level 5 in Long Blades
  2099 | D:4      | Reached skill level 1 in Dodging
  2099 | D:4      | Reached skill level 5 in Shields
  2099 | D:4      | Reached XP level 6. HP: 48/55 MP: 5/5
  2099 | D:4      | Reached XP level 7. HP: 52/60 MP: 6/6
  2130 | D:4      | Reached skill level 5 in Fighting
  2476 | D:4      | Found a bloodstained altar of Trog.
  2476 | D:4      | Found a snail-covered altar of Cheibriados.
  2718 | D:4      | Found a staircase to the Ecumenical Temple.
  2736 | Temple   | Entered the Ecumenical Temple
  2790 | Temple   | Became a worshipper of Warmaster Okawaru
  2910 | D:5      | Entered Level 5 of the Dungeon
  2954 | D:5      | Found an opulent altar of Gozag.
  3088 | D:5      | Reached skill level 6 in Long Blades
  3243 | D:5      | Noticed Duvessa
  3244 | D:5      | Noticed Dowan
  3258 | D:5      | Killed Duvessa
  3258 | D:5      | Reached * piety under Okawaru
  3258 | D:5      | Reached XP level 8. HP: 49/68 MP: 7/7
  3262 | D:5      | Killed Dowan
  3336 | D:4      | Reached skill level 7 in Long Blades
  4084 | D:5      | Reached skill level 1 in Stealth
  4239 | D:6      | Found a shimmering altar of Xom.
  4352 | D:6      | Reached ** piety under Okawaru
  4709 | D:6      | Found a glowing golden altar of the Shining One.
  4794 | D:6      | Reached skill level 8 in Long Blades
  4794 | D:6      | Reached XP level 9. HP: 68/75 MP: 5/8
  5160 | D:6      | Found a burning altar of Makhleb.
  5622 | D:7      | Found a blossoming altar of Fedhas.
  6027 | D:7      | Reached skill level 9 in Long Blades
  6084 | D:7      | Found a stormy altar of Qazlal.
  6124 | D:7      | Noticed Prince Ribbit
  6319 | D:7      | Reached *** piety under Okawaru
  6356 | D:7      | Killed Prince Ribbit
  6522 | D:8      | Reached skill level 10 in Long Blades
  6524 | D:8      | Noticed Joseph
  6542 | D:8      | Killed Joseph
  6542 | D:8      | Reached XP level 10. HP: 36/86 MP: 9/9
  7088 | D:8      | Noticed Erica
  7097 | D:8      | Killed Erica
  7097 | D:8      | Reached **** piety under Okawaru
  7097 | D:8      | Reached skill level 5 in Dodging
  7974 | D:9      | Reached skill level 11 in Long Blades
  7989 | D:9      | Reached skill level 1 in Invocations
  8243 | D:9      | Found a blossoming altar of Fedhas.
  8293 | D:9      | Found an ornate altar of the Wu Jian Council.
  8625 | D:9      | Found a staircase to the Orcish Mines.
  8765 | D:10     | Entered Level 10 of the Dungeon
  9115 | D:10     | Found a staircase to the Lair.
  9115 | D:10     | Noticed an elephant
  9131 | D:10     | Killed an elephant
  9140 | D:10     | Reached ***** piety under Okawaru
  9315 | D:10     | Reached skill level 12 in Long Blades
  9321 | D:10     | Found a roughly hewn altar of Beogh.
  9471 | D:10     | Reached XP level 11. HP: 90/95 MP: 10/10
  9710 | D:10     | Found a sacrificial altar of Ru.
 10231 | D:11     | Found a deep blue altar of Sif Muna.
 10472 | D:11     | Reached skill level 10 in Shields
 10768 | D:11     | Identified a scroll of acquirement
 10771 | D:11     | Got a heavily runed hat
 10777 | D:11     | Identified the +2 hat of the Bagpipe {Int+3} (You acquired
                  | it on level 11 of the Dungeon)
 10893 | Lair:1   | Entered Level 1 of the Lair of Beasts
 11952 | Lair:1   | Reached skill level 10 in Armour
 12339 | Lair:2   | Received a gift from Okawaru
 12408 | Lair:2   | Noticed a catoblepas
 12885 | Lair:2   | Reached skill level 13 in Long Blades
 13015 | Lair:2   | Killed a catoblepas
 13715 | Lair:3   | Found a staircase to the Swamp.
 13742 | Lair:3   | Reached skill level 10 in Fighting
 13752 | Lair:3   | Reached ****** piety under Okawaru
 13759 | Lair:3   | Reached XP level 12. HP: 52/106 MP: 11/11
 13968 | Lair:2   | Received a gift from Okawaru
 14449 | Lair:3   | Reached skill level 14 in Long Blades
 14903 | Lair:4   | Noticed a five-headed hydra
 14911 | Lair:4   | Killed a one-headed hydra
 15248 | Lair:4   | Found a staircase to the Snake Pit.
 15559 | Lair:5   | Received a gift from Okawaru
 15565 | Lair:5   | HP: 2/110 [rime drake/flash freeze (22)]
 15903 | Lair:5   | Reached XP level 13. HP: 97/116 MP: 12/12
 16429 | Lair:5   | Reached skill level 15 in Long Blades
 17219 | D:12     | Found Haimigh's Magic Scroll Shoppe.
 17237 | D:12     | Bought a scroll of acquirement for 624 gold pieces
 17237 | D:12     | Bought a scroll of enchant weapon for 90 gold pieces
 17237 | D:12     | Bought a scroll of enchant weapon for 90 gold pieces
 17237 | D:12     | Bought a scroll of identify for 24 gold pieces
 17237 | D:12     | Bought a scroll of amnesia for 42 gold pieces
 17237 | D:12     | Bought a scroll of identify for 24 gold pieces
 17544 | D:12     | Found the +7 Singing Sword
 17804 | D:12     | Bought a scroll of identify for 24 gold pieces
 17804 | D:12     | Bought a scroll of identify for 24 gold pieces
 17804 | D:12     | Bought a scroll of identify for 24 gold pieces
 17918 | Orc:1    | Entered Level 1 of the Orcish Mines
 18211 | Orc:1    | Received a gift from Okawaru
 18760 | Orc:2    | Entered Level 2 of the Orcish Mines
 18812 | Orc:2    | Found a dark tunnel.
 18822 | Volcano  | Entered a volcano
 18918 | Volcano  | Found the +3 pair of gauntlets of War {Slay+5}
 19222 | Orc:2    | Found a staircase to the Elven Halls.
 19487 | Orc:2    | Gained mutation: You are frail. (-10% HP) [a neqoxec]
 19494 | Orc:2    | HP: 2/107 [smoke demon/ball of steam[an orc high priest]
                  | (4)]
 20076 | Orc:2    | Reached skill level 16 in Long Blades
 20097 | Orc:2    | HP: 5/107 [orc high priest/divine providence (16)]
 20102 | Orc:2    | HP: 5/107 [poisoned by an orc priest]
 20109 | Orc:2    | HP: 4/107 [poisoned by an orc priest]
 20117 | Orc:2    | HP: 5/107 [poisoned by an orc priest]
 20661 | Orc:2    | Received a gift from Okawaru
 20665 | Orc:2    | Mangled by an orc knight

Skill      XL: |  1  2  3  4  5  6  7  8  9 10 11 12 13 |
---------------+----------------------------------------+-----
Armour         | 4 5 6 7 8 9 10 11 12 | 12.4
Fighting       | 4 5 6 7 8 10 11 12 | 12.5
Shields        | 4 5 6 7 8 9 11 13 14 | 14.5
Long Blades    | 3 5 6 8 10 12 13 14 16 | 16.0
Dodging        | 1 2 3 4 5 6 |  6.7
Stealth        | 1 |  1.3
Invocations    | 1 |  1.3
Evocations     | |  0.6

Action                   |  1- 3 |  4- 6 |  7- 9 | 10-12 | 13-15 || total
-------------------------+-------+-------+-------+-------+-------++-------
Melee: Long sword        |    91 |    84 |   434 |    47 |       ||   656
       Headbutt          |    16 |    11 |    81 |   152 |   102 ||   362
       Scimitar          |       |       |       |   422 |   150 ||   572
       Double sword      |       |       |       |   204 |   307 ||   511
Invok: Heroism           |       |       |     4 |     1 |     2 ||     7
Evoke: Wand              |       |       |       |     6 |       ||     6
  Use: Scroll            |       |       |       |    24 |    17 ||    41
       Potion            |       |       |       |     3 |     2 ||     5
  Eat: Chunk             |       |     3 |    11 |    20 |    14 ||    48
       Ration            |       |       |     2 |     3 |       ||     5
Armor: Scale mail        |    31 |    37 |   122 |    21 |       ||   211
       Plate armour      |       |       |       |   299 |   165 ||   464
Dodge: Dodged            |    25 |    19 |   135 |   214 |   142 ||   535
       Deflected         |       |       |       |       |     5 ||     5
Block: Shield            |    39 |    56 |   234 |   456 |   356 ||  1141
       Rpst.: Long sword |     6 |     7 |    38 |     4 |       ||    55
       Scimitar          |       |       |       |    40 |    14 ||    54
       Double sword      |       |       |       |    19 |    28 ||    47
